SL
COLORADO BILLY GOATS @ BUCKHEAD BOWTIES
08/18/2042
 
TOP OF THE 1ST
Colorado Billy Goats batting - Pitching for Buckhead Bowties : RHP Dave Becker
Pitching: RHP Dave Becker
Batting: LHB David de Meij 0-0: Foul Ball, location: 2F
0-1: Ball
1-1: Ball
2-1: Called Strike
2-2: Foul Ball, location: 2F
2-2: Strikes out swinging
Batting: LHB Ricardo Yates 0-0: Called Strike
0-1: Foul Ball, location: 2F
0-2: Fly out, F2 (Popup, 25F, EV 87.5 MPH)
Batting: LHB Tim Gonzáles 0-0: Ball
1-0: Fly out, F6 (Popup, 56D, EV 45.6 MPH)
Top of the 1st over - 0 runs, 0 hits, 0 errors, 0 left on base; Colorado 0 - Buckhead 0
BOTTOM OF THE 1ST
Buckhead Bowties batting - Pitching for Colorado Billy Goats : LHP Francisco Rivas
Pitching: LHP Francisco Rivas
Batting: SHB Silvio Capitanio 0-0: Ball
1-0: Called Strike
1-1: Ball
2-1: Foul Ball, location: 2F
2-2: Ground out 6-3 (Groundball, 6, EV 101.9 MPH)
Batting: LHB Jared Schneider 0-0: Ball
1-0: Ball
2-0: Swinging Strike
2-1: Ball
3-1: Called Strike
3-2: Foul Ball, location: 2F
3-2: Foul Ball, location: 2F
3-2: Base on Balls
Batting: LHB Jesús Encarnación 0-0: Swinging Strike
0-1: Ball
1-1: Swinging Strike
1-2: Ball
2-2: Foul Ball, location: 2F
2-2: Ball
3-2: Base on Balls
Jared Schneider to second
Batting: LHB Spencer Powell 0-0: Ball
1-0: SINGLE (Groundball, 4MD, EV 106.9 MPH)
Jared Schneider to third
Jesús Encarnación to second
Batting: LHB Marcus Shill 0-0: Ball
1-0: Swinging Strike
1-1: Grounds into double play, 4-6-3 (Groundball, 4, EV 108.8 MPH)
Bottom of the 1st over - 0 runs, 1 hit, 0 errors, 2 left on base; Colorado 0 - Buckhead 0
TOP OF THE 2ND
Colorado Billy Goats batting - Pitching for Buckhead Bowties : RHP Dave Becker
Batting: LHB Robby Sinor 0-0: Called Strike
0-1: Ball
1-1: Ball
2-1: Swinging Strike
2-2: Ball
3-2: Strikes out swinging, 2-3 out at first.
Batting: LHB Samual Johnson 0-0: Called Strike
0-1: Foul Ball, location: 2F
0-2: Foul Ball, location: 2F
0-2: Strikes out swinging
Batting: RHB Paul Byrd 0-0: Ball
1-0: Foul Ball, location: 2F
1-1: Ball
2-1: Reached on error, E6 (Groundball, 6S, EV 80.0 MPH)
Batting: LHB Ruhinda Kirkconnell 0-0: Ground out U3 (Groundball, 34, EV 107.5 MPH)
Top of the 2nd over - 0 runs, 0 hits, 1 error, 1 left on base; Colorado 0 - Buckhead 0
BOTTOM OF THE 2ND
Buckhead Bowties batting - Pitching for Colorado Billy Goats : LHP Francisco Rivas
Batting: LHB Charles Godard 0-0: SINGLE (Groundball, 34D, EV 101.2 MPH)
Batting: RHB Félix Fernández 0-0: Foul Ball, location: 2F
0-1: Reached on error, E1 (Groundball, 34S, EV 65.6 MPH)
Charles Godard to second
Batting: RHB Juan Barrón 0-0: Ball
1-0: Ball
2-0: Foul Ball, location: 2F
2-1: Ball
3-1: Base on Balls
Charles Godard to third
Félix Fernández to second
Batting: RHB Obiniana Romulo 0-0: Ball
1-0: Foul Ball, location: 2F
1-1: Foul Ball, location: 2F
1-2: DOUBLE (Groundball, 5L, EV 103.8 MPH)
Charles Godard scores
Félix Fernández scores
Juan Barrón to third
Batting: SHB Silvio Capitanio 0-0: Foul Ball, location: 2F
0-1: Called Strike
0-2: SINGLE (Flyball, 7LS, EV 87.5 MPH) - OUT at second base trying to stretch hit.
Juan Barrón scores
Obiniana Romulo scores
Batting: LHB Jared Schneider 0-0: Ball
1-0: Swinging Strike
1-1: Swinging Strike
1-2: Strikes out swinging
Batting: LHB Jesús Encarnación 0-0: Foul Ball, location: 2F
0-1: Ball
1-1: Swinging Strike
1-2: Strikes out swinging
Bottom of the 2nd over - 4 runs, 3 hits, 1 error, 0 left on base; Colorado 0 - Buckhead 4
TOP OF THE 3RD
Colorado Billy Goats batting - Pitching for Buckhead Bowties : RHP Dave Becker
Batting: SHB Raoul de Gilde 0-0: Called Strike
0-1: Swinging Strike
0-2: Strikes out swinging
Batting: RHB Matt Méndez 0-0: Ball
1-0: Called Strike
1-1: Ball
2-1: Foul Ball, location: 2F
2-2: Foul Ball, location: 2F
2-2: Foul Ball, location: 2F
2-2: Ball
3-2: SOLO HOME RUN (Flyball, 7LD, EV 98.1 MPH), Distance : 347 ft
Batting: LHB David de Meij 0-0: Called Strike
0-1: Ball
1-1: Foul Ball, location: 2F
1-2: Foul Ball, location: 2F
1-2: Fly out, F9 (Flyball, 9D, EV 103.1 MPH)
Batting: LHB Ricardo Yates 0-0: Called Strike
0-1: Called Strike
0-2: Strikes out swinging
Top of the 3rd over - 1 run, 1 hit, 0 errors, 0 left on base; Colorado 1 - Buckhead 4
BOTTOM OF THE 3RD
Buckhead Bowties batting - Pitching for Colorado Billy Goats : LHP Francisco Rivas
Batting: LHB Spencer Powell 0-0: Called Strike
0-1: Ball
1-1: Ball
2-1: Called Strike
2-2: Strikes out swinging
Batting: LHB Marcus Shill 0-0: Called Strike
0-1: Swinging Strike
0-2: Ball
1-2: Ball
2-2: Foul Ball, location: 2F
2-2: SINGLE (Groundball, 4MD, EV 97.5 MPH)
Batting: LHB Charles Godard 0-0: Fielders Choice at 2nd, 5-4 (Groundball, 56, EV 87.5 MPH)
Batting: RHB Félix Fernández 0-0: Ball
1-0: Swinging Strike
1-1: Fly out, F5 (Line Drive, 5, EV 61.2 MPH)
Bottom of the 3rd over - 0 runs, 1 hit, 0 errors, 1 left on base; Colorado 1 - Buckhead 4
TOP OF THE 4TH
Colorado Billy Goats batting - Pitching for Buckhead Bowties : RHP Dave Becker
Batting: LHB Tim Gonzáles 0-0: Swinging Strike
0-1: Ball
1-1: Ball
2-1: Fly out, F6 (Popup, 6M, EV 62.5 MPH)
Batting: LHB Robby Sinor 0-0: Called Strike
0-1: SINGLE (Groundball, 4D, EV 110.6 MPH)
Batting: LHB Samual Johnson 0-0: Called Strike
0-1: Ball
1-1: Ball
2-1: Foul Ball, location: 2F
2-2: Strikes out swinging
Batting: RHB Paul Byrd 0-0: Ball
1-0: Ball
2-0: Foul Ball, location: 2F
2-1: Ball
3-1: Called Strike
3-2: Fly out, F4 (Popup, 4M, EV 79.4 MPH)
Top of the 4th over - 0 runs, 1 hit, 0 errors, 1 left on base; Colorado 1 - Buckhead 4
BOTTOM OF THE 4TH
Buckhead Bowties batting - Pitching for Colorado Billy Goats : LHP Francisco Rivas
Batting: RHB Juan Barrón 0-0: Ball
1-0: Swinging Strike
1-1: Ball
2-1: Swinging Strike
2-2: Fly out, F3 (Line Drive, 3, EV 75.6 MPH)
Batting: RHB Obiniana Romulo 0-0: Foul Ball, location: 2F
0-1: Swinging Strike
0-2: Ball
1-2: SINGLE (Groundball, 6M, EV 88.1 MPH) (infield hit)
Batting: SHB Silvio Capitanio 0-0: Called Strike
0-1: Ball
1-1: Swinging Strike
1-2: SINGLE (Line Drive, 78S, EV 103.8 MPH)
Obiniana Romulo to second
Batting: LHB Jared Schneider 0-0: Ball
1-0: Swinging Strike
1-1: Ball
2-1: Ball
3-1: Called Strike
3-2: Fly out, F7 (Line Drive, 7D, EV 98.1 MPH)
Runner from 2nd tags up, SAFE at 3rd, no throw by LF
Batting: LHB Jesús Encarnación 0-0: Called Strike
0-1: Swinging Strike
0-2: Strikes out looking
Bottom of the 4th over - 0 runs, 2 hits, 0 errors, 2 left on base; Colorado 1 - Buckhead 4
TOP OF THE 5TH
Colorado Billy Goats batting - Pitching for Buckhead Bowties : RHP Dave Becker
Batting: LHB Ruhinda Kirkconnell 0-0: Ball
1-0: Ground out 4-3 (Groundball, 34, EV 88.8 MPH)
Batting: SHB Raoul de Gilde 0-0: Ball
1-0: Called Strike
1-1: Foul Ball, location: 2F
1-2: Foul Ball, location: 2F
1-2: Ball
2-2: Foul Ball, location: 2F
2-2: Ball
3-2: SINGLE (Groundball, 4MD, EV 100.6 MPH)
Batting: RHB Matt Méndez 0-0: Ball
1-0: Called Strike
1-1: Called Strike
1-2: Ball
2-2: SINGLE (Groundball, 34D, EV 100.6 MPH)
Raoul de Gilde to second
Runner from 2nd tries for 3rd, SAFE, throw by RF made to third
Batting: LHB David de Meij 0-0: Ball
1-0: Swinging Strike
1-1: Ball
2-1: Foul Ball, location: 2F
2-2: Ball
3-2: Strikes out swinging
Batting: LHB Ricardo Yates 0-0: Called Strike
0-1: Ball
1-1: Called Strike
1-2: Ground out 4-3 (Groundball, 34, EV 83.1 MPH)
Top of the 5th over - 0 runs, 2 hits, 0 errors, 2 left on base; Colorado 1 - Buckhead 4
BOTTOM OF THE 5TH
Buckhead Bowties batting - Pitching for Colorado Billy Goats : LHP Francisco Rivas
Batting: LHB Spencer Powell 0-0: Called Strike
0-1: Ball
1-1: Ball
2-1: Foul Ball, location: 2F
2-2: Foul Ball, location: 2F
2-2: Ball
3-2: Strikes out swinging
Batting: LHB Marcus Shill 0-0: Called Strike
0-1: Ball
1-1: Swinging Strike
1-2: Foul Ball, location: 2F
1-2: Ball
2-2: Foul Ball, location: 2F
2-2: Ball
3-2: Fly out, F7 (Flyball, 7LD, EV 98.8 MPH)
Pitching: LHP Ron Fernández
Batting: LHB Charles Godard 0-0: SINGLE (Groundball, 3, EV 102.5 MPH) (infield hit)
Batting: RHB Félix Fernández 0-0: Ball
1-0: Ball
2-0: Called Strike
2-1: Fly out, F7 (Line Drive, 7S, EV 108.8 MPH)
Bottom of the 5th over - 0 runs, 1 hit, 0 errors, 1 left on base; Colorado 1 - Buckhead 4
TOP OF THE 6TH
Colorado Billy Goats batting - Pitching for Buckhead Bowties : RHP Dave Becker
Batting: LHB Tim Gonzáles 0-0: SINGLE (Line Drive, 9LS, EV 88.1 MPH)
Batting: LHB Robby Sinor 0-0: Fielders Choice at 2nd, 4-6 (Groundball, 34D, EV 84.4 MPH)
Batting: LHB Samual Johnson 0-0: Called Strike
0-1: Swinging Strike
0-2: Ball
1-2: Strikes out looking
Robby Sinor steals 2nd base
Batter strikes out.
Batting: RHB Paul Byrd 0-0: Ball
1-0: Called Strike
1-1: Ball
2-1: Ball
3-1: Called Strike
3-2: Foul Ball, location: 2F
3-2: Foul Ball, location: 2F
3-2: Base on Balls
Batting: LHB Ruhinda Kirkconnell 0-0: Ball
1-0: Swinging Strike
1-1: Called Strike
1-2: Foul Ball, location: 2F
1-2: SINGLE (Groundball, 25, EV 66.9 MPH) (infield hit)
Robby Sinor to third
Paul Byrd to second
Pitching: RHP Millard Whipp
Batting: SHB Raoul de Gilde 0-0: Called Strike
0-1: Ball
1-1: Ball
2-1: Fly out, F7 (Flyball, 78M, EV 75.6 MPH)
Top of the 6th over - 0 runs, 2 hits, 0 errors, 3 left on base; Colorado 1 - Buckhead 4
BOTTOM OF THE 6TH
Buckhead Bowties batting - Pitching for Colorado Billy Goats : LHP Ron Fernández
Batting: RHB Juan Barrón 0-0: Called Strike
0-1: Called Strike
0-2: Ball
1-2: Ground out 4-3 (Groundball, 4M, EV 99.4 MPH)
Batting: RHB Obiniana Romulo 0-0: Foul Ball, location: 2F
0-1: Ground out 1-3 (Groundball, 15, EV 86.9 MPH)
Batting: SHB Silvio Capitanio 0-0: SINGLE (Groundball, 6MD, EV 101.9 MPH)
Batting: LHB Jared Schneider 0-0: Called Strike
0-1: Ball
1-1: Ball
2-1: Fly out, F8 (Flyball, 8RD, EV 101.2 MPH)
Bottom of the 6th over - 0 runs, 1 hit, 0 errors, 1 left on base; Colorado 1 - Buckhead 4
TOP OF THE 7TH
Colorado Billy Goats batting - Pitching for Buckhead Bowties : RHP Millard Whipp
Batting: RHB Matt Méndez 0-0: Ball
1-0: Swinging Strike
1-1: Foul Ball, location: 2F
1-2: Strikes out swinging
Batting: LHB David de Meij 0-0: Called Strike
0-1: Ball
1-1: Foul Ball, location: 2F
1-2: Fly out, F9 (Flyball, 9LMF, EV 82.5 MPH)
Batting: LHB Ricardo Yates 0-0: Called Strike
0-1: Called Strike
0-2: Foul Ball, location: 2F
0-2: SOLO HOME RUN (Flyball, 89XD, EV 91.9 MPH), Distance : 390 ft
Batting: LHB Tim Gonzáles 0-0: Swinging Strike
0-1: Foul Ball, location: 2F
0-2: Ball
1-2: Ball
2-2: DOUBLE (Groundball, 3L, EV 93.8 MPH)
Batting: LHB Robby Sinor 0-0: Ground out 1-3 (Groundball, 34S, EV 90.6 MPH)
Top of the 7th over - 1 run, 2 hits, 0 errors, 1 left on base; Colorado 2 - Buckhead 4
BOTTOM OF THE 7TH
Buckhead Bowties batting - Pitching for Colorado Billy Goats : LHP Ron Fernández
Batting: LHB Jesús Encarnación 0-0: Ball
1-0: Swinging Strike
1-1: Ball
2-1: Foul Ball, location: 2F
2-2: Strikes out swinging
Batting: LHB Spencer Powell 0-0: Ball
1-0: Swinging Strike
1-1: Swinging Strike
1-2: Ground out 4-3 (Groundball, 4, EV 82.5 MPH)
Batting: LHB Marcus Shill 0-0: Foul Ball, location: 2F
0-1: Ball
1-1: Swinging Strike
1-2: Ball
2-2: Ball
3-2: Base on Balls
Batting: LHB Charles Godard 0-0: Ground out 5-3 (Groundball, 56S, EV 89.4 MPH)
Bottom of the 7th over - 0 runs, 0 hits, 0 errors, 1 left on base; Colorado 2 - Buckhead 4
TOP OF THE 8TH
Colorado Billy Goats batting - Pitching for Buckhead Bowties : RHP Millard Whipp
Batting: LHB Samual Johnson 0-0: Ball
1-0: Swinging Strike
1-1: Foul Ball, location: 2F
1-2: Strikes out swinging
Batting: RHB Paul Byrd 0-0: Ball
1-0: Foul Ball, location: 2F
1-1: Ball
2-1: Swinging Strike
2-2: Foul Ball, location: 2F
2-2: Strikes out swinging
Batting: LHB Ruhinda Kirkconnell 0-0: Swinging Strike
0-1: Foul Ball, location: 2F
0-2: Strikes out swinging
Top of the 8th over - 0 runs, 0 hits, 0 errors, 0 left on base; Colorado 2 - Buckhead 4
BOTTOM OF THE 8TH
Buckhead Bowties batting - Pitching for Colorado Billy Goats : LHP Ron Fernández
Batting: RHB Félix Fernández 0-0: Called Strike
0-1: Ball
1-1: Ball
2-1: Foul Ball, location: 2F
2-2: Strikes out swinging
Batting: RHB Juan Barrón 0-0: Called Strike
0-1: Swinging Strike
0-2: Ball
1-2: Strikes out looking
Batting: RHB Obiniana Romulo 0-0: Swinging Strike
0-1: Foul Ball, location: 2F
0-2: Ball
1-2: Ball
2-2: Ground out 6-3 (Groundball, 6, EV 77.5 MPH)
Bottom of the 8th over - 0 runs, 0 hits, 0 errors, 0 left on base; Colorado 2 - Buckhead 4
TOP OF THE 9TH
Colorado Billy Goats batting - Pitching for Buckhead Bowties : RHP Millard Whipp
Pitching: RHP Anthony Hurst
Batting: SHB Raoul de Gilde 0-0: Called Strike
0-1: Ball
1-1: Called Strike
1-2: Strikes out swinging, 2-3 out at first.
Batting: RHB Matt Méndez 0-0: Fly out, F8 (Flyball, 8RXD, EV 88.8 MPH)
Batting: LHB David de Meij 0-0: Ball
1-0: Foul Ball, location: 2F
1-1: Swinging Strike
1-2: Ball
2-2: Fly out, F4 (Line Drive, 4, EV 74.4 MPH)
Top of the 9th over - 0 runs, 0 hits, 0 errors, 0 left on base; Colorado 2 - Buckhead 4
Friday, March 26th, 2021 - OOTP Baseball 20.8 Build 74